 Dungeon Crawl Stone Soup version 0.31-a0-988-g08d55dae12 (webtiles) character file.

Game seed: 4100907157205212526

37762 Armakuni the Scorcher (level 14, -5/107 HPs)
             Began as a Meteoran Conjurer on Nov 3, 2023.
             Was an Elder of Vehumet.
             Slain by a molten gargoyle
             ... wielding a +0 mace
              (9 damage)
             ... on level 5 of the Lair of Beasts on Nov 4, 2023.
             The game lasted 01:02:48 (8056 turns).

Armakuni the Scorcher (Meteoran Conjurer)           Turns: 8056, Time: 01:02:49

Health: -5/107     AC: 10    Str: 11    XL:     14   Next: 68%
Magic:  40/40      EV: 11    Int: 25    God:    Vehumet [****..]
Gold:   1463       SH:  7    Dex: 13    Spells: 4/37 levels left

rFire   . . .        a - +8 trishula "Condemnation" {holy, anguish, *Noise Fly rN+}
rCold   . . .        J - +2 buckler
rNeg    + + .        I - +2 robe {Will+}
rPois   .            N - +1 helmet {SInv}
rElec   .            r - +0 cloak
rCorr   +            P - +2 pair of gloves of Win Arch {Rampage rN+ Int+2 Stlth+}
SInv    +            (no boots)
Will    ++++.        M - amulet of magic regeneration
Stlth   +            F - ring of Woigrure {MP+9 Dex+5}
HPRegen 0.37/turn    C - ring "Riapp" {Will++ rCorr Dex-5}
MPRegen 0.67/turn

%: rampage
@: flying, glowing
A: sense surroundings 2, otherworldly, glowing, explore regen
a: Renounce Religion


You were on level 5 of the Lair of Beasts.
You worshipped Vehumet.
Vehumet was greatly pleased with you.
You visited 3 branches of the dungeon, and saw 15 of its levels.
You also visited: Gauntlet.

You collected 2370 gold pieces.
You spent 907 gold pieces at shops.

Inventory:

Hand Weapons
 a - the +8 trishula "Condemnation" (weapon) {holy, anguish, *Noise Fly rN+}
   (You found it on level 8 of the Dungeon)

   rN+:       It protects you from negative energy.
   Fly:       It grants you flight.
   *Noise:    It may make a loud noise when swung.
Missiles
 h - 3 throwing nets
Armour
 r - a +0 cloak (worn)
 I - a +2 robe of willpower (worn)
 J - a +2 buckler (worn)
 N - a +1 helmet of see invisible (worn)
 P - the +2 pair of gloves of Win Arch (worn) {Rampage rN+ Int+2 Stlth+}
   (You found it in a Gauntlet)

   Int+2:     It affects your intelligence (+2).
   rN+:       It protects you from negative energy.
   Rampage:   It bestows one free step when moving towards enemies.
   Stlth+:    It makes you more stealthy.
Magical Staves
 b - a staff of conjuration
 n - a staff of fire
 w - a staff of poison
 E - a staff of cold
Jewellery
 f - a ring of protection from fire
 A - the ring of Hyupa {*Corrode rN+ Dex+6 Slay+4}
   (You found it on level 8 of the Dungeon)

   [ring of slaying]

   Dex+6:     It affects your dexterity (+6).
   Slay+4:    It affects your accuracy & damage with ranged weapons and melee
   (+4).
   rN+:       It protects you from negative energy.
   *Corrode:  It may corrode you when you take damage.
 C - the ring "Riapp" (right hand) {Will++ rCorr Dex-5}
   (You bought it in a shop on level 7 of the Dungeon)

   [ring of resist corrosion]

   Dex-5:     It affects your dexterity (-5).
   Will++:    It greatly increases your willpower.
   rCorr:     It protects you from acid and corrosion.
 F - the ring of Woigrure (left hand) {MP+9 Dex+5}
   (You took it off a deep elf pyromancer on level 8 of the Dungeon)

   [ring of magical power]

   Dex+5:     It affects your dexterity (+5).
   MP+9:      It affects your magic capacity (+9).
 H - a ring of wizardry
 L - a ring of flight
 M - an amulet of magic regeneration (around neck)
Wands
 e - a wand of charming (9)
 k - a wand of digging (5)
 o - a wand of flame (8)
Scrolls
 d - 2 scrolls of noise
 g - 2 scrolls of torment
 i - 3 scrolls of poison
 u - a scroll of fear
 x - a scroll of silence
 y - 3 scrolls of enchant weapon
 z - a scroll of brand weapon
 B - 10 scrolls of teleportation
 G - a scroll of fog
Potions
 j - 2 potions of brilliance
 m - 2 potions of mutation
 p - a potion of ambrosia
 q - 2 potions of magic
 s - a potion of haste {unknown}
 t - 2 potions of curing
 v - a potion of invisibility
 D - a potion of lignification
 K - a potion of enlightenment {unknown}
 O - a potion of resistance {unknown}
Miscellaneous
 c - a condenser vane (inert)
 l - a lightning rod (4/4)


   Skills:
 - Level 5.0 Fighting
 - Level 5.0 Maces & Flails
 - Level 5.0 Polearms
 - Level 2.1 Dodging
 - Level 1.4 Stealth
 - Level 4.0 Shields
 - Level 12.0 Spellcasting
 - Level 14.3 Conjurations
 - Level 4.0 Translocations
 + Level 16.5 Fire Magic
 - Level 4.0 Ice Magic
 - Level 4.0 Air Magic
 - Level 1.3 Poison Magic
 - Level 6.6 Evocations


You had 4 spell levels left.
You knew the following spells:

 Your Spells              Type           Power      Damage    Failure   Level
b - Blink                 Tloc           70%        N/A       1%          2
f - Fireball              Conj/Fire      37%        3d15      1%          5
i - Ignition              Fire           39%        3d12      11%         8
j - Freezing Cloud        Conj/Ice/Air   25%        6-21      2%          5
m - Iskenderun's Mystic   Conj/Tloc      57%        2d12      1%          4
s - Sticky Flame          Conj/Fire      75%        2d9       1%          4
S - Iskenderun's Battles  Conj           72%        2d12      1%          5

Your spell library contained the following spells:

 Spells                   Type           Power      Damage    Failure   Level
 Yara's Violent Unravell  Hex/Tmut       7%         3d5       36%         5
 Magic Dart               Conj           100%       1d8       0%          1
 Searing Ray              Conj           100%       2d8       0%          2
 Poisonous Vapours        Pois/Air       56%        N/A       1%          2
 Dazzling Flash           Conj/Hex       100%       N/A       1%          3
 Ignite Poison            Fire/Tmut/Pois 44%        N/A       1%          3
 Inner Flame              Hex/Fire       54%        N/A       1%          3
 Mephitic Cloud           Conj/Pois/Air  47%        N/A       1%          3
 Brom's Barrelling Bould  Conj/Erth      50%        2d7       1%          4
 Flame Wave               Conj/Fire      75%        2d17      1%          4
 Fulminant Prism          Conj/Hex       25%        3d13      1%          4
 Gell's Gravitas          Tloc           35%        N/A       3%          3
 Slow                     Hex            60%        N/A       5%          1
 Call Imp                 Summ           30%        N/A       9%          2
 Manifold Assault         Tloc           35%        N/A       11%         4
 Vhi's Electric Charge    Tloc/Air       70%        N/A       11%         4
 Confusing Touch          Hex            15%        N/A       17%         3
 Sigil of Binding         Hex            15%        N/A       17%         3
 Vampiric Draining        Necr           15%        2d7       17%         3
 Orb of Destruction       Conj           36%        9d11      3%          7
 Conjure Ball Lightning   Conj/Air       28%        3x3d8     5%          6
 Disjunction              Tloc           17%        N/A       100%        8


Dungeon Overview and Level Annotations

Branches:
Dungeon (9/15) Zot: 396    Temple (1/1) D:4 Zot: 598    Lair (5/5) D:8 Zot: 425
 Shoals (0/4) Lair:2       Spider (0/4) Lair:2        Slime (0/5) Lair:4
Gauntlet (visited)
    Orc: D:9-12

Altars:
Ashenzari
Cheibriados
Dithmenos
Elyvilon
Fedhas
Gozag
Hepliaklqana
Kikubaaqudgha
Makhleb
Nemelex Xobeh
Qazlal
Ru
Sif Muna
Trog
Uskayaw
Vehumet
Wu Jian
Yredelemnul
Zin
The Shining One
Jiyva

Shops:
D:7 ?[[=:


Innate Abilities, Weirdness & Mutations

You passively map the area around you.
You are easily found by Zot.
You glow in the dark.
You regain HP and MP as you explore.


Message History

Vehumet accepts your kill.
Your battlesphere is engulfed in freezing vapours.
The molten gargoyle blasts magma at you!
The bolt of magma hits you!!
* * * LOW HITPOINT WARNING * * *
You hear a sizzling sound!
The komodo dragon is engulfed in freezing vapours.
The komodo dragon seems to slow down.
The komodo dragon bites your battlesphere!
Your battlesphere is engulfed in freezing vapours.
You swap places.
The komodo dragon is engulfed in freezing vapours.
The komodo dragon seems to slow down.
The komodo dragon bites you.
* * * LOW HITPOINT WARNING * * *
You see here a black mamba corpse.
You barely miss the komodo dragon.
The komodo dragon is almost dead.
The lindwurm closely misses you. x2
The lindwurm claws you but does no damage.
The komodo dragon is engulfed in freezing vapours.
You kill the komodo dragon!
Vehumet accepts your kill.
The lindwurm bites you but does no damage.
The lindwurm completely misses you.
The lindwurm claws you but does no damage.
You hit the lindwurm.
The lindwurm is haunted by guilt!
The lindwurm is lightly wounded.
The molten gargoyle blasts magma at you!
You hear a sizzling sound!
The lindwurm breathes flames at you. The blast of flame misses you.
You hear a sizzling sound!
You barely miss the lindwurm.
The lindwurm is lightly wounded.
The lindwurm bites you but does no damage.
The lindwurm misses you. You block the lindwurm's attack.
You puncture the lindwurm!
The lindwurm is moderately wounded.
The molten gargoyle hits you with a +0 mace!
You die...

.,,,,,**8~~,,,~~~*,,,,,,+,,,,,,,,
.,,,,,***≈....≈≈~*,,,,,,+,,,,,,,,
.,,,,***,≈....§≈~*,,,,,,*~~~,,,,,
....,* **≈§....≈~##,,..**~~,,,,,,
....** *≈≈≈....≈.######~**,,,,,,
.....#***≈≈§...§≈≈§§§§≈§~~**,,,,,
.P...#*~~~#≈≈..○#§~≈.#≈≈~~~*,,,,,
.#...#*~~*#≈≈...§##...##~****,,*8
.....##****#≈...@9.....##**~**8**
......## #≈..○*k......#~~~~****
.......## ##..........#*~~~~***~
#....#..### ##.........##**~~~**~
.#........## #.........8#**~~~~~~
†.....#....# #....####.#*~~~~***~
...........####..## *8*.*~~*** **
............# #..# ******** *
............###.######


You could see a lindwurm (catching breath, anguished), a molten gargoyle and a
friendly battlesphere.

Vanquished Creatures
  A reaper (Gauntlet)
  A minotaur (Gauntlet)
  An entropy weaver (Gauntlet)
  A hydra (Lair:5)
  A catoblepas (Lair:5)
  A centaur warrior (D:8)
  2 death yaks (Lair:3)
  A skyshark (Lair:2)
  A wolf spider (Gauntlet)
  A deep elf pyromancer (D:8)
  2 oklob plants
  3 black mambas
  A merfolk siren (Lair:2)
  A slime creature (D:8)
  13 elephants
  12 cane toads
  A torpor snail (Lair:3)
  2 rime drakes
  6 komodo dragons
  A kobold demonologist (D:8)
  A troll (D:7)
  Grinder (D:3)
  3 polar bears
  A hornet (D:8)
  Prince Ribbit (D:6)
  7 blink frogs
  7 dream sheep (Lair:3)
  3 wyverns
  A shadow (D:9)
  A wraith (D:9)
  32 yaks
  4 basilisks
  A redback (Gauntlet)
  2 vampire mosquitoes (D:8)
  3 steam dragons (D:8)
  13 water moccasins
  An orc warrior (D:8)
  An ice beast (D:5)
  2 sky beasts
  A black bear (D:6)
  2 ogres
  13 wolves
  2 centaurs
  A phantom (D:8)
  2 kobold brigands
  A gnoll sergeant (D:8)
  13 bullfrogs
  4 scorpions
  5 wights (D:8)
  An electric eel (D:7)
  4 howler monkeys
  9 jellies
  A lava snake (Lair:5)
  3 hounds
  4 orc priests
  2 sleepcaps (D:6)
  Crazy Yiuf (D:3)
  Jessica (D:3)
  7 orc wizards
  3 iguanas
  6 hell rats (Lair:3)
  8 gnolls
  6 adders
  5 shadow imps
  2 white imps
  12 ufetubi
  6 worms
  4 dart slugs
  20 orcs
  8 endoplasms
  5 giant cockroaches
  8 goblins
  8 hobgoblins
  A jackal (D:2)
  13 kobolds
  3 quokkas (D:1)
  8 ball pythons
  5 bats
  4 frilled lizards
  10 rats
  3 butterflies (D:9)
363 creatures vanquished.

Vanquished Creatures (others)
  3 komodo dragons
  A polar bear (Lair:5)
  A blink frog (Lair:1)
  2 yaks
  A basilisk (Lair:1)
  An orc warrior (D:9)
  A wight (D:8)
10 creatures vanquished.

Grand Total: 373 creatures vanquished

Notes
Turn   | Place    | Note
-------+----------+-------------------------------------------
     0 | D:1      | Armakuni the Meteoran Conjurer began the quest for the Orb.
     0 | D:1      | Reached XP level 1. HP: 14/14 MP: 5/5
    47 | D:1      | Reached skill level 5 in Conjurations
   120 | D:1      | Found a faded altar of an unknown god.
   121 | D:1      | You fall into a shaft and drop 1 floor!
   133 | D:1      | Reached XP level 2. HP: 20/20 MP: 2/6
   153 | D:1      | Learned a level 2 spell: Searing Ray
   243 | D:1      | Reached XP level 3. HP: 26/26 MP: 5/8
   566 | D:2      | Reached skill level 1 in Maces & Flails
   566 | D:2      | Reached XP level 4. HP: 30/34 MP: 0/9
   664 | D:2      | Reached skill level 1 in Fighting
   850 | D:2      | Found a basalt altar of Yredelemnul.
  1031 | D:3      | Reached XP level 5. HP: 40/40 MP: 8/10
  1044 | D:3      | Found a runed translucent door.
  1045 | D:3      | Noticed Crazy Yiuf
  1053 | D:3      | Learned a level 4 spell: Iskenderun's Mystic Blast
  1098 | D:3      | Noticed Grinder
  1108 | D:3      | Killed Grinder
  1109 | D:3      | Reached XP level 6. HP: 15/51 MP: 1/11
  1133 | D:3      | Reached XP level 7. HP: 24/57 MP: 1/12
  1279 | D:3      | Noticed Jessica
  1282 | D:3      | Killed Jessica
  1777 | D:4      | Identified a scroll of acquirement
  1777 | D:4      | Acquired 788 gold pieces
  1930 | D:4      | Reached skill level 5 in Maces & Flails
  1930 | D:4      | Reached XP level 8. HP: 67/67 MP: 3/13
  2114 | D:3      | Killed Crazy Yiuf
  2184 | D:4      | Found a staircase to the Ecumenical Temple.
  2198 | Temple   | Entered the Ecumenical Temple
  2231 | D:5      | Entered Level 5 of the Dungeon
  2279 | D:5      | Reached skill level 5 in Fighting
  2487 | D:5      | Found an opulent altar of Gozag.
  2487 | D:5      | Found a sparkling altar of Nemelex Xobeh.
  2600 | D:5      | Reached skill level 10 in Conjurations
  2600 | D:5      | Gained mutation: You passively map the area around you.
                  | [Meteoran growth]
  2600 | D:5      | Reached XP level 9. HP: 48/74 MP: 8/15
  2771 | D:6      | Noticed Prince Ribbit
  2777 | D:6      | Killed Prince Ribbit
  2798 | D:6      | Reached skill level 5 in Spellcasting
  3005 | D:6      | Reached skill level 1 in Shields
  3088 | D:7      | Found Ocrem's Jewellery Boutique.
  3092 | D:7      | Bought the ring "Riapp" {Will++ rCorr Dex-5} for 427 gold
                  | pieces
  3133 | D:7      | Found Xaped's Book Shoppe.
  3145 | D:7      | Bought a book of Vapours for 312 gold pieces
  3151 | D:7      | Learned a level 5 spell: Freezing Cloud
  3206 | D:7      | Learned a level 4 spell: Sticky Flame
  3217 | D:7      | Noticed a troll
  3226 | D:7      | Killed a troll
  3293 | D:7      | Reached XP level 10. HP: 81/81 MP: 13/22
  3314 | D:7      | Found Reoc's Armour Boutique.
  3401 | D:7      | Found Poipuu's Magic Scroll Shop.
  3411 | D:7      | Bought a scroll of fear for 48 gold pieces
  3411 | D:7      | Bought a scroll of identify for 24 gold pieces
  3411 | D:7      | Bought a scroll of identify for 24 gold pieces
  3411 | D:7      | Bought a scroll of identify for 24 gold pieces
  3411 | D:7      | Bought a scroll of amnesia for 48 gold pieces
  3613 | D:7      | Found Deokhole's Armour Boutique.
  3968 | D:8      | Noticed a centaur warrior
  3970 | D:8      | Identified the ring of Woigrure {MP+9 Dex+5}
  3970 | D:8      | Noticed a deep elf pyromancer
  3978 | D:8      | Killed a centaur warrior
  3979 | D:8      | Reached skill level 10 in Spellcasting
  3979 | D:8      | Reached skill level 1 in Fire Magic
  3979 | D:8      | Reached skill level 1 in Ice Magic
  3979 | D:8      | Reached skill level 1 in Air Magic
  3979 | D:8      | Reached skill level 1 in Poison Magic
  3980 | D:8      | Reached skill level 2 in Fire Magic
  3980 | D:8      | Killed a deep elf pyromancer
  3990 | D:8      | Reached skill level 3 in Fire Magic
  4100 | D:8      | Found the +8 trishula "Condemnation" {holy, anguish, *Noise
                  | Fly rN+}
  4101 | D:8      | Identified the ring of Hyupa {*Corrode rN+ Dex+6 Slay+4}
  4135 | D:8      | Paralysed by a hornet for 1 turns
  4137 | D:8      | Reached skill level 4 in Fire Magic
  4137 | D:8      | Reached XP level 11. HP: 55/86 MP: 26/26
  4138 | D:8      | Reached skill level 1 in Polearms
  4172 | D:8      | Reached skill level 5 in Polearms
  4397 | D:8      | Found a shadowy altar of Dithmenos.
  4479 | D:8      | Found a staircase to the Lair.
  4597 | D:8      | Found a sacrificial altar of Ru.
  4622 | D:9      | Found a burning altar of Makhleb.
  4675 | D:9      | Learned a level 2 spell: Blink
  4783 | D:9      | Found a radiant altar of Vehumet.
  4787 | D:9      | Became a worshipper of Vehumet
  4991 | Gauntlet | Identified the "Qusm"
  4991 | Lair:1   | Entered Level 1 of the Lair of Beasts
  5009 | Lair:1   | Found a gate leading to a gauntlet.
  5014 | Gauntlet | Entered a Gauntlet
  5014 | Gauntlet | Noticed a soul eater
  5014 | Gauntlet | Found a transporter.
  5014 | Gauntlet | Found a transporter.
  5014 | Gauntlet | Found a transporter.
  5014 | Gauntlet | Found a transporter.
  5018 | Gauntlet | Found a transporter.
  5026 | Gauntlet | Noticed an entropy weaver
  5027 | Gauntlet | Noticed a wolf spider
  5028 | Gauntlet | Found a transporter.
  5032 | Gauntlet | Found a transporter.
  5033 | Gauntlet | Found a transporter.
  5033 | Gauntlet | Found a transporter.
  5039 | Gauntlet | Noticed a reaper
  5043 | Gauntlet | Found a transporter.
  5043 | Gauntlet | Found a transporter.
  5043 | Gauntlet | Noticed a green death
  5137 | Gauntlet | Found a transporter.
  5240 | Gauntlet | Killed a wolf spider
  5240 | Gauntlet | Killed an entropy weaver
  5336 | Gauntlet | Identified the +2 pair of gloves of Win Arch {Rampage rN+
                  | Int+2 Stlth+}
  5348 | Gauntlet | Killed a reaper
  5447 | Gauntlet | Learned a level 5 spell: Fireball
  5453 | Gauntlet | Learned a level 5 spell: Iskenderun's Battlesphere
  5460 | Gauntlet | Noticed a minotaur
  5472 | Gauntlet | Killed a minotaur
  5473 | Gauntlet | Reached XP level 12. HP: 56/94 MP: 25/27
  5514 | Gauntlet | Glimpsed the power of Zot.
  5563 | Lair:1   | Upgraded the game from 0.31-a0-986-g5e6e4ef867 to
                  | 0.31-a0-988-g08d55dae12
  5874 | Lair:1   | Reached * piety under Vehumet
  5874 | Lair:1   | Offered knowledge of Sandblast by Vehumet.
  6040 | Lair:2   | Noticed a skyshark
  6045 | Lair:2   | Reached skill level 5 in Fire Magic
  6051 | Lair:2   | Killed a skyshark
  6052 | Lair:2   | Reached skill level 6 in Fire Magic
  6117 | Lair:2   | Reached skill level 1 in Evocations
  6148 | Lair:2   | Reached skill level 5 in Evocations
  6161 | Lair:2   | Reached XP level 13. HP: 40/100 MP: 10/30
  6166 | Lair:2   | Acquired 854 gold pieces
  6240 | Lair:2   | Identified the +0 robe "Zieceiliwi" {rElec Stlth+}
  6301 | Lair:2   | Found a hole to the Spider Nest.
  6333 | Lair:2   | Learned a level 8 spell: Ignition
  6343 | Lair:2   | Reached skill level 7 in Fire Magic
  6385 | Lair:2   | Found a staircase to the Shoals.
  6390 | Lair:2   | Reached skill level 8 in Fire Magic
  6482 | Lair:3   | Reached ** piety under Vehumet
  6482 | Lair:3   | Offered knowledge of Foxfire by Vehumet.
  6487 | Lair:3   | Reached skill level 9 in Fire Magic
  6579 | Lair:3   | Noticed a death yak
  6581 | Lair:3   | Noticed a death yak
  6589 | Lair:3   | Killed a death yak
  6590 | Lair:3   | Reached skill level 10 in Fire Magic
  6590 | Lair:3   | Killed a death yak
  6772 | Lair:3   | Offered knowledge of Scorch by Vehumet.
  6796 | Lair:3   | Reached skill level 11 in Fire Magic
  6806 | Lair:3   | Reached skill level 12 in Fire Magic
  6993 | Lair:3   | Reached *** piety under Vehumet
  7121 | Lair:3   | Found a blossoming altar of Fedhas.
  7227 | Lair:4   | Reached skill level 13 in Fire Magic
  7237 | Lair:4   | Reached XP level 14. HP: 95/107 MP: 14/31
  7287 | Lair:4   | Found a white marble altar of Elyvilon.
  7385 | Lair:4   | Found a viscous altar of Jiyva.
  7392 | Lair:4   | Reached skill level 14 in Fire Magic
  7392 | Lair:4   | Found a staircase to the Slime Pits.
  7393 | Lair:4   | Offered knowledge of Volatile Blastmotes by Vehumet.
  7584 | Lair:5   | Entered Level 5 of the Lair of Beasts
  7681 | Lair:5   | Reached skill level 15 in Fire Magic
  7912 | Lair:5   | Reached **** piety under Vehumet
  7930 | Lair:5   | Reached skill level 16 in Fire Magic
  7934 | Lair:5   | Offered knowledge of Yara's Violent Unravelling by Vehumet.
  8052 | Lair:5   | HP: 2/107 [komodo dragon (6)]
  8056 | Lair:5   | Slain by a molten gargoyle

Illustrated notes

Levels and vault maps discovered:
D:1:      lightli_molten_gateway, layout_basic,
          ebering_ecumenical_altar_petrified
D:2:      layout_loops_ring, basic_altar, minmay_misc_feat_encased,
          kennysheep_pointless_box, minmay_pentomino_s4
D:3:      layout_rooms, uniq_jessica, uniq_grinder, uniq_crazy_yiuf_cottage
D:4:      layout_gridville, minmay_temple_entry_statues_pillars
D:5:      layout_basic, grunt_temple_overflow_opulence
D:6:      layout_basic, uniq_prince_ribbit1
D:7:      layout_layer_cave, serial_shops, nicolae_shop_back_alley_shop,
          nicolae_shop_tiny_waterfront, nicolae_shop_tiny_statue_garden,
          nicolae_shop_temple_entry_statues_fountains,
          nicolae_shop_real_fake_doors, serial_bayou_pond_c
D:8:      minmay_the_grid_triangle_9x9_recursive_2
          [minmay_the_grid_triangle_9x9_prize_schism,
          minmay_the_grid_triangle_9x9_descending_squares,
          minmay_the_grid_triangle_9x9_alien,
          minmay_the_grid_triangle_9x9_flanged_cone], layout_basic,
          grunt_dithmenos_shadows, nicolae_ru_the_path_less_chosen,
          lair_entry_dummy
D:9:      layout_loops_ring, kennysheep_mini_moat, mainiacjoe_overflow_alcove_1,
          gammafunk_ghost_cemetery, hangedman_glass_garden, grunt_ministairs_5,
          kennysheep_nub
Temple:   eino_narrow_crystal_temple
Lair:1:   layout_regular_city, gauntlet_entry_generic, serial_bayou_shore_b
Lair:2:   layout_regular_city, minmay_shoals_entry_lonely_mermaid,
          nicolae_spider_entry_tight_spaces
Lair:3:   layout_cave_pods, tgw_fedhas
Lair:4:   layout_concentric_octagons, nicolae_slime_entry_field_trip,
          lemuel_oklob_altar
Lair:5:   cheibrodos_lair_end_hotspot, layout_gridlike, lemuel_another_geyser

Skill      XL: |  1  2  3  4  5  6  7  8  9 10 11 12 13 14 |
---------------+-------------------------------------------+-----
Conjurations   | 5 6 7 10 14 | 14.3
Maces & Flails | 1 3 4 5 |  5.0
Fighting       | 1 3 4 5 |  5.0
Spellcasting   | 3 7 10 12 | 12.0
Translocations | 4 |  4.0
Shields        | 3 4 |  4.0
Fire Magic     | 4 6 13 16 | 16.5
Ice Magic      | 4 |  4.0
Air Magic      | 4 |  4.0
Poison Magic   | 1 |  1.3
Polearms       | 5 |  5.0
Evocations     | 5 6 |  6.6
Dodging        | |  2.1
Stealth        | |  1.4

Action                     |  1- 3 |  4- 6 |  7- 9 | 10-12 | 13-15 || total
---------------------------+-------+-------+-------+-------+-------++-------
  Melee: Unarmed           |     5 |       |       |       |       ||     5
         Whip              |     3 |    19 |    34 |     4 |       ||    60
         Trishula          |       |       |       |    99 |    74 ||   173
   Cast: Magic Dart        |    18 |       |       |       |       ||    18
         Searing Ray       |    18 |    19 |    72 |    15 |       ||   124
         Iskenderun's Myst |       |       |     1 |    47 |    57 ||   105
         Freezing Cloud    |       |       |       |     8 |     6 ||    14
         Sticky Flame      |       |       |       |    24 |    33 ||    57
         Fireball          |       |       |       |     5 |    44 ||    49
         Iskenderun's Batt |       |       |       |       |    17 ||    17
  Evoke: Lightning rod     |       |       |       |     6 |       ||     6
         Condenser vane    |       |       |       |       |     2 ||     2
    Use: Scroll            |     1 |     1 |    12 |     9 |     4 ||    27
         Potion            |       |       |     2 |     3 |       ||     5
 Armour: Robe              |    24 |    21 |    95 |    75 |   129 ||   344
         Skin              |       |       |    52 |     1 |       ||    53
         Steam dragon scal |       |       |       |    47 |       ||    47
  Dodge: Dodged            |    24 |    19 |   103 |    64 |    74 ||   284
  Block: Buckler           |       |       |     3 |    27 |    43 ||    73

Table legend: (Time is in decaauts)
 A = Elapsed time spent in this place.
 B = Non-inter-level travel time spent in this place.
 C = Inter-level travel time spent in this place.
 D = Time resting spent in this place.
 E = Time spent auto-exploring this place.
 F = Levels seen in this place.
 G = Mean time per level.
                   A        B        C        D        E       F      G
               +--------+--------+--------+--------+--------+-----+--------+
         Total |   8085 |   7311 |    774 |    419 |    407 |  16 |  505.3 |
       Dungeon |   5003 |   4416 |    587 |    205 |    198 |   9 |  555.9 |
        Temple |      1 |      1 |      0 |      0 |      0 |   1 |    1.0 |
          Lair |   2573 |   2386 |    187 |     63 |     74 |   5 |  514.6 |
      Gauntlet |    507 |    507 |      0 |    151 |    135 |   1 |  507.0 |
               +--------+--------+--------+--------+--------+-----+--------+

Top non-repeatable levels by time:
     D:8: 854 daAuts
     D:7: 830 daAuts
  Lair:3: 747 daAuts
     D:4: 644 daAuts
     D:3: 567 daAuts
     D:1: 524 daAuts
  Lair:2: 511 daAuts
Gauntlet: 507 daAuts
     D:2: 493 daAuts
     D:5: 486 daAuts
  Lair:1: 462 daAuts
  Lair:5: 460 daAuts
  Lair:4: 390 daAuts
     D:6: 321 daAuts
     D:9: 280 daAuts
